Condors vs Thunderbirds
Created - Saturday, January 18, 2025 at 22:46
Goals
|
Condors |
0 |
1 |
1 |
2 |
Thunderbirds |
4 |
1 |
0 |
5 |
|
Shots
|
Condors |
6 |
7 |
9 |
22 |
Thunderbirds |
12 |
15 |
10 |
37 |
|
1st period
1. Thunderbirds , Jacob Lucchini 11 (Adam Wilsby 13, AJ Greer 17) at 0:59
2. Thunderbirds , Henrik Rybinski 3 (James Malatesta 12, Hugh McGing 24) at 3:50
3. Thunderbirds , Jackson Cates 4 (Artyom Anisimov 19, Gabriel Fortier 10) at 5:27
4. Thunderbirds , Jacob Lucchini 12 (Tyson Jost 20, AJ Greer 18) at 8:49
Penalties :
James Malatesta (SPR) for Fighting (Major) at 8:26, Xavier Ouellet (BAK) for Fighting (Major) at 8:26, Vincent Iorio (SPR) for Roughing (Minor) at 10:52, Matt Tomkins (BAK) for Slashing (Minor) at 14:00 - Cameron Wright served the penalty., James Malatesta (SPR) for Hooking (Minor) at 15:15
2nd period
5. Thunderbirds , Jacob Lucchini 13 (Nikita Novikov 8, AJ Greer 19) at 2:28 (PP)
6. Condors , Brendan Gaunce 15 (Joseph Duszak 17, Dean Stewart 7) at 6:50 (PP)
Penalties :
Dean Stewart (BAK) for Slashing (Minor) at 1:56, Bryan Yoon (BAK) for Hooking (Minor) at 3:31, Brendan Gaunce (BAK) for Tripping (Minor) at 4:43, Jacob Lucchini (SPR) for High sticking (Minor) at 6:17, James Malatesta (SPR) for Slashing (Minor) at 7:57, Domenick Fensore (SPR) for High sticking (Minor) at 10:28, Xavier Ouellet (BAK) for High sticking (Minor) at 10:42, Joseph Duszak (BAK) for Cross-checking (Minor) at 19:25
3rd period
7. Condors , Matthew Strome 2 (Alex Belzile 17, Bryan Yoon 7) at 12:45
Penalties :
Brendan Gaunce (BAK) for Tripping (Minor) at 2:41, Jack Studnicka (BAK) for Roughing (Minor) at 7:56, Alex Belzile (BAK) for Hooking (Minor) at 10:13, James Malatesta (SPR) for Roughing (Minor) at 15:15
Goalie Stats
Matt Tomkins (BAK), 27 saves from 28 shots - (0.964), 51:11 minutes
Peyton Jones (BAK), 5 saves from 9 shots - (0.556), L, 18-19-4, 8:49 minutes
Clay Stevenson (SPR), 20 saves from 22 shots - (0.909), W, 15-10-2, 60:00 minutes
Players Stats for Condors
Player Name G A P +/- PIM S H SB GA TA FO MP PP MP PK MP
------------------------------------------------------------------------------------
Aidan Fulp 0 0 0 0 0 0 0 1 0 0 0/0 22:19 4:12 5:19
Alex Belzile 0 1 1 -2 2 3 0 0 0 0 5/7 20:53 3:56 0:00
Brendan Gaunce 1 0 1 -1 4 4 1 2 0 0 15/23 17:02 3:38 2:39
Bryan Yoon 0 1 1 1 2 0 2 4 0 0 0/0 13:40 0:02 0:03
Cameron Wright 0 0 0 0 0 1 2 0 0 0 0/1 9:21 0:00 0:00
Dean Stewart 0 1 1 0 2 0 4 3 0 0 0/0 22:44 4:12 5:45
Isak Rosen 0 0 0 -1 0 5 3 0 0 0 11/15 23:45 3:30 7:51
Jack Studnicka 0 0 0 -1 2 1 1 1 0 0 5/8 15:47 3:56 3:04
Jan Mysak 0 0 0 0 0 0 0 0 0 0 2/3 2:02 0:08 0:00
Joel Kiviranta 0 0 0 -1 0 0 0 0 0 0 0/0 8:23 0:00 0:00
Joseph Duszak 0 1 1 -4 2 0 6 1 0 0 0/0 22:38 3:20 6:00
Kyle Rau 0 0 0 0 0 1 1 0 0 0 0/0 9:56 0:02 0:33
Mason Jobst 0 0 0 -1 0 0 0 0 0 0 0/1 13:29 3:38 0:00
Matthew Strome 1 0 1 -1 0 2 1 0 0 0 0/0 9:14 0:00 0:00
Patrik Koch 0 0 0 0 0 0 2 3 0 0 0/0 17:41 0:34 1:12
Steven Fogarty 0 0 0 0 0 3 1 2 0 0 17/26 22:21 3:56 8:20
Tristen Nielsen 0 0 0 -1 0 2 1 0 0 0 4/11 12:00 0:00 2:11
Xavier Ouellet 0 0 0 -3 7 0 4 4 0 0 0/0 20:12 2:45 7:07
Players Stats for Thunderbirds
Player Name G A P +/- PIM S H SB GA TA FO MP PP MP PK MP
------------------------------------------------------------------------------------
Adam Wilsby 0 1 1 3 0 1 2 0 0 0 0/0 26:21 5:48 4:10
AJ Greer 0 3 3 2 0 2 4 0 0 0 0/1 18:18 5:49 3:40
Albert Johansson 0 0 0 0 0 0 2 0 0 0 0/0 20:32 6:30 3:19
Artyom Anisimov 0 1 1 0 0 0 1 0 0 0 6/15 14:13 0:19 2:49
Artyom Grushnikov 0 0 0 0 0 1 1 0 0 0 0/0 12:52 0:25 0:35
Cam Morrison 0 0 0 0 0 2 2 0 0 0 0/0 6:34 0:00 0:00
Domenick Fensore 0 0 0 0 2 0 0 0 0 0 0/0 14:03 0:25 1:04
Gabriel Fortier 0 1 1 0 0 1 0 1 0 0 0/0 11:31 0:00 0:26
Henrik Rybinski 1 0 1 1 0 3 1 0 0 0 1/2 18:27 6:35 0:00
Hugh McGing 0 1 1 1 0 2 0 0 0 0 13/25 18:46 6:54 0:00
Hunter McKown 0 0 0 0 0 0 0 0 0 0 0/1 4:50 1:13 0:00
Ilya Usov 0 0 0 0 0 0 0 0 0 0 0/2 1:43 0:19 1:22
Jackson Cates 1 0 1 0 0 6 1 0 0 0 2/10 17:10 0:00 0:00
Jacob Lucchini 3 0 3 2 2 7 0 0 0 0 1/2 17:05 5:48 2:47
James Malatesta 0 1 1 1 11 7 5 0 0 0 0/3 18:01 6:20 0:14
Nikita Novikov 0 1 1 0 0 0 1 1 0 0 0/0 20:25 6:30 3:12
Tyson Jost 0 1 1 2 0 5 2 1 0 0 13/34 22:49 4:50 3:50
Vincent Iorio 0 0 0 3 2 0 3 4 0 0 0/0 25:45 5:48 2:48
3 Stars
1 - Jacob Lucchini (SPR)
2 - AJ Greer (SPR)
3 - Matt Tomkins (BAK)
Power Play
Condors - 1 on 6 Attempt(s) - 16.67%
Thunderbirds - 1 on 9 Attempt(s) - 11.11%
Penalty Kill
Condors - 8 on 9 Attempt(s) - 88.89%
- Score 0 goal in Penalty Kill
Thunderbirds - 5 on 6 Attempt(s) - 83.33%
- Score 0 goal in Penalty Kill
Team Stat
Condors - Hits : 29 - Faceoff Wins : 59 - Blocked Shots : 21 - Penalty Minutes : 23
Thunderbirds - Hits : 25 - Faceoff Wins : 36 - Blocked Shots : 7 - Penalty Minutes : 17
Official
Referees : Jake Brenk and Wes Mccauley
Linesman : Scott Cherrey and Derek Nansen
Game Notes
James Malatesta beats up Xavier Ouellet at 8:26 of 1st period
Matt Tomkins enters game at 8:49 of 1st period
Jacob Lucchini has scored a Hat Trick!
Finance
Level 1 -- Attendance: 1853 (92.65%) -- Ticket Income $64,855
Level 2 -- Attendance: 858 (85.80%) -- Ticket Income $12,870
Total Attendance: 2711 (90.37%)
Total Ticket Income: $77,725
Other Income: $38,085
Total Income: $115,810
Condors
5 vs 5 Forward
Center Left Wing Right Wing Time % Phy DF OF
1 Alex Belzile Joel Kiviranta Jack Studnicka 25 1 2 2
2 Brendan Gaunce Mason Jobst Isak Rosen 25 1 2 2
3 Steven Fogarty Kyle Rau Cameron Wright 25 1 2 2
4 Tristen Nielsen Matthew Strome Alex Belzile 25 1 2 2
5 vs 5 Defense
Defense Defense Time % Phy DF OF
1 Xavier Ouellet Joseph Duszak 25 1 2 2
2 Dean Stewart Aidan Fulp 25 1 2 2
3 Patrik Koch Bryan Yoon 25 1 2 2
4 Xavier Ouellet Joseph Duszak 25 1 2 2
PowerPlay Forward
Center Left Wing Right Wing Time % Phy DF OF
1 Steven Fogarty Alex Belzile Jack Studnicka 60 1 2 2
2 Brendan Gaunce Mason Jobst Isak Rosen 40 1 2 2
PowerPlay Defense
Defense Defense Time % Phy DF OF
1 Xavier Ouellet Joseph Duszak 60 1 2 2
2 Dean Stewart Aidan Fulp 40 1 2 2
Penalty Kill 4 Players Forward
Center Wing Time % Phy DF OF
1 Isak Rosen Steven Fogarty 60 1 2 2
2 Jack Studnicka Brendan Gaunce 40 1 2 2
Penalty Kill 4 Players Defense
Defense Defense Time % Phy DF OF
1 Xavier Ouellet Joseph Duszak 60 1 2 2
2 Dean Stewart Aidan Fulp 40 1 2 2
Penalty Kill - 3 Players Forward
Forward Time % Phy DF OF
1 Jack Studnicka 60 1 2 2
2 Brendan Gaunce 40 1 2 2
Penalty Kill - 3 Players Defense
Defense Defense Time % Phy DF OF
1 Xavier Ouellet Joseph Duszak 60 1 2 2
2 Dean Stewart Aidan Fulp 40 1 2 2
4 vs 4 Forward
Center Wing Time % Phy DF OF
1 Steven Fogarty Isak Rosen 60 1 2 2
2 Jack Studnicka Brendan Gaunce 40 1 2 2
4 vs 4 Defense
Defense Defense Time % Phy DF OF
1 Xavier Ouellet Joseph Duszak 60 1 2 2
2 Dean Stewart Aidan Fulp 40 1 2 2
Last Minutes Offensive
Center Left Wing Right Wing Defense Defense
Alex Belzile Joel Kiviranta Jack Studnicka Xavier Ouellet Joseph Duszak
Last Minutes Defensive
Center Left Wing Right Wing Defense Defense
Alex Belzile Joel Kiviranta Jack Studnicka Xavier Ouellet Joseph Duszak
Goaltenders
Starting : Peyton Jones
Backup : Matt Tomkins
Extra Forwards
Normal : Jan Mysak, Steven Fogarty, Tristen Nielsen - PP : Jan Mysak, Steven Fogarty - PK : Tristen Nielsen
Extra Defensemen
Normal : Patrik Koch, Xavier Ouellet, Dean Stewart - PP : Patrik Koch - PK : Joseph Duszak, Dean Stewart
Penalty Shots
Tristen Nielsen, Steven Fogarty, Jack Studnicka, Brendan Gaunce, Isak Rosen
Custom OT Lines Forwards
Joel Kiviranta, Alex Belzile, Jack Studnicka, Brendan Gaunce, Isak Rosen, Steven Fogarty, Mason Jobst, Tristen Nielsen, Kyle Rau, Cameron Wright
Custom OT Lines Defensemen
Xavier Ouellet, Joseph Duszak, Dean Stewart, Aidan Fulp, Patrik Koch
Scratches
Austin Osmanski (Healthy), Cavan Fitzgerald (Healthy), Louis Boudon (Healthy), Casey Dornbach (Healthy), Jarid Lukosevicius (Healthy)
Alex Kannok Leipert (Healthy), Matej Pekar (Healthy), Ken Appleby (Healthy), Dustin Tokarski (Healthy)
Thunderbirds
5 vs 5 Forward
Center Left Wing Right Wing Time % Phy DF OF
1 Tyson Jost AJ Greer Jacob Lucchini 25 1 2 2
2 Hugh McGing James Malatesta Henrik Rybinski 25 1 2 2
3 Artyom Anisimov Gabriel Fortier Jackson Cates 25 1 2 2
4 Jackson Cates Cam Morrison Tyson Jost 25 1 2 2
5 vs 5 Defense
Defense Defense Time % Phy DF OF
1 Vincent Iorio Adam Wilsby 25 1 2 2
2 Nikita Novikov Albert Johansson 25 1 2 2
3 Artyom Grushnikov Domenick Fensore 25 1 2 2
4 Vincent Iorio Adam Wilsby 25 1 2 2
PowerPlay Forward
Center Left Wing Right Wing Time % Phy DF OF
1 Tyson Jost AJ Greer Jacob Lucchini 60 1 2 2
2 Hugh McGing James Malatesta Henrik Rybinski 40 1 2 2
PowerPlay Defense
Defense Defense Time % Phy DF OF
1 Vincent Iorio Adam Wilsby 60 1 2 2
2 Nikita Novikov Albert Johansson 40 1 2 2
Penalty Kill 4 Players Forward
Center Wing Time % Phy DF OF
1 Tyson Jost AJ Greer 60 1 2 2
2 James Malatesta Jacob Lucchini 40 1 2 2
Penalty Kill 4 Players Defense
Defense Defense Time % Phy DF OF
1 Vincent Iorio Adam Wilsby 60 1 2 2
2 Nikita Novikov Albert Johansson 40 1 2 2
Penalty Kill - 3 Players Forward
Forward Time % Phy DF OF
1 Tyson Jost 60 1 2 2
2 AJ Greer 40 1 2 2
Penalty Kill - 3 Players Defense
Defense Defense Time % Phy DF OF
1 Vincent Iorio Adam Wilsby 60 1 2 2
2 Nikita Novikov Albert Johansson 40 1 2 2
4 vs 4 Forward
Center Wing Time % Phy DF OF
1 Tyson Jost AJ Greer 60 1 2 2
2 James Malatesta Jacob Lucchini 40 1 2 2
4 vs 4 Defense
Defense Defense Time % Phy DF OF
1 Vincent Iorio Adam Wilsby 60 1 2 2
2 Nikita Novikov Albert Johansson 40 1 2 2
Last Minutes Offensive
Center Left Wing Right Wing Defense Defense
Tyson Jost AJ Greer Jacob Lucchini Vincent Iorio Adam Wilsby
Last Minutes Defensive
Center Left Wing Right Wing Defense Defense
Tyson Jost AJ Greer Jacob Lucchini Vincent Iorio Adam Wilsby
Goaltenders
Starting : Clay Stevenson
Backup : Mitchell Gibson
Extra Forwards
Normal : Hunter McKown, Ilya Usov, Artyom Anisimov - PP : Hunter McKown, Ilya Usov - PK : Artyom Anisimov
Extra Defensemen
Normal : Artyom Grushnikov, Domenick Fensore, Nikita Novikov - PP : Artyom Grushnikov - PK : Domenick Fensore, Nikita Novikov
Penalty Shots
Tyson Jost, AJ Greer, James Malatesta, Jacob Lucchini, Hugh McGing
Custom OT Lines Forwards
Tyson Jost, AJ Greer, James Malatesta, Jacob Lucchini, Hugh McGing, Artyom Anisimov, Jackson Cates, Gabriel Fortier, Hunter McKown, Ilya Usov
Custom OT Lines Defensemen
Vincent Iorio, Adam Wilsby, Nikita Novikov, Albert Johansson, Artyom Grushnikov
Scratches
Peetro Seppala (Healthy), Xavier Simoneau (Healthy), Oliver Kylington (Healthy), Uvis Balinskis (Healthy), Jasper Weatherby (Healthy)
Adam Raska (Healthy), Samuel Knazko (Healthy), Lukas Reichel (Healthy), Nicolas Beaudin (Healthy), Topias Vilen (Healthy)
Jack Matier (Healthy), Dmitri Kuzmin (Left Hip Injury), Jordy Bellerive (Healthy), Filip Engaras (Healthy), Chase Wheatcroft (Healthy)
Jalen Luypen (Healthy), Lukas Rousek (Healthy), John Farinacci (Healthy), Jacob Gaucher (Healthy), Shakir Mukhamadullin (Healthy)
Curtis Hall (Healthy), Nathan Legare (Healthy), Marc Del Gaizo (Healthy), Donovan Sebrango (Healthy), Colton Poolman (Healthy)
Scott Wedgewood (Healthy), Keith Petruzzelli (Healthy), Isaiah Saville (Healthy)
% Time on Ice - Condors
Lines # - Real PCT - Wanted PCT - Time Play
Normal Forward
1 - 23% - 25% - 8:23
2 - 27% - 25% - 9:51
3 - 25% - 25% - 9:21
4 - 25% - 25% - 9:14
Normal Defense
1 - 17% - 25% - 6:16
2 - 31% - 25% - 11:21
3 - 35% - 25% - 12:57
4 - 17% - 25% - 6:15
PP Forward
1 - 52% - 60% - 3:56
2 - 48% - 40% - 3:38
PP Defense
1 - 54% - 60% - 4:03
2 - 46% - 40% - 3:31
PK Forward
1 - 74% - 60% - 8:52
2 - 26% - 40% - 3:04
PK Defense
1 - 61% - 60% - 7:20
2 - 39% - 40% - 4:36
PK3 Forward
1 - 81% - 60% - 0:38
2 - 19% - 40% - 0:09
PK3 Defense
1 - 28% - 60% - 0:13
2 - 72% - 40% - 0:34
44 Forward
1 - 86% - 60% - 2:29
2 - 14% - 40% - 0:25
44 Defense
1 - 50% - 60% - 1:27
2 - 50% - 40% - 1:27
Last Minute Offensive - 0:00
Last Minute Defensive - 0:00
Total
Forward - 60:00
Defense - 60:00
|
% Time on Ice - Thunderbirds
Lines # - Real PCT - Wanted PCT - Time Play
Normal Forward
1 - 20% - 25% - 7:18
2 - 32% - 25% - 11:52
3 - 30% - 25% - 11:05
4 - 18% - 25% - 6:34
Normal Defense
1 - 24% - 25% - 8:44
2 - 24% - 25% - 8:49
3 - 32% - 25% - 11:50
4 - 20% - 25% - 7:26
PP Forward
1 - 46% - 60% - 5:49
2 - 54% - 40% - 6:54
PP Defense
1 - 46% - 60% - 5:48
2 - 54% - 40% - 6:55
PK Forward
1 - 63% - 60% - 4:47
2 - 37% - 40% - 2:47
PK Defense
1 - 67% - 60% - 5:03
2 - 33% - 40% - 2:31
PK3 Forward
1 - 0% - 60%
2 - 0% - 40%
PK3 Defense
1 - 0% - 60%
2 - 0% - 40%
44 Forward
1 - 59% - 60% - 1:42
2 - 41% - 40% - 1:12
44 Defense
1 - 34% - 60% - 1:00
2 - 66% - 40% - 1:54
Last Minute Offensive - 0:00
Last Minute Defensive - 0:00
Total
Forward - 60:00
Defense - 60:00
|
Play-by-Play
1st period
0:01 of 1st period - Tyson Jost wins face-off versus Alex Belzile in neutral zone.
0:18 of 1st period - Icing by Adam Wilsby.
0:19 of 1st period - Brendan Gaunce wins face-off versus Tyson Jost in Thunderbirds zone.
0:29 of 1st period - Icing by Jacob Lucchini.
0:30 of 1st period - Steven Fogarty wins face-off versus Tyson Jost in Thunderbirds zone.
0:30 of 1st period - Steven Fogarty is hit by Vincent Iorio.
0:35 of 1st period - Icing by Vincent Iorio.
0:36 of 1st period - Tyson Jost wins face-off versus Tristen Nielsen in Thunderbirds zone.
0:59 of 1st period - Shot by Jacob Lucchini.
0:59 of 1st period - Goal by Jacob Lucchini - Condors : 0 - Thunderbirds : 1.
1:00 of 1st period - Steven Fogarty wins face-off versus James Malatesta in neutral zone.
1:02 of 1st period - Cameron Wright is hit by Albert Johansson and loses puck.
1:11 of 1st period - Shot by Kyle Rau.
1:11 of 1st period - Stopped by Clay Stevenson without a rebound.
1:12 of 1st period - Artyom Anisimov wins face-off versus Brendan Gaunce in Thunderbirds zone.
1:41 of 1st period - Shot by Isak Rosen.
1:41 of 1st period - Shot Misses the Net.
1:47 of 1st period - Shot by Isak Rosen.
1:47 of 1st period - Shot Misses the Net.
1:49 of 1st period - Shot by Isak Rosen.
1:49 of 1st period - Stopped by Clay Stevenson without a rebound.
1:50 of 1st period - Hugh McGing wins face-off versus Steven Fogarty in Thunderbirds zone.
2:05 of 1st period - Shot by Kyle Rau.
2:05 of 1st period - Shot Misses the Net.
2:17 of 1st period - Shot by Henrik Rybinski.
2:17 of 1st period - Shot Misses the Net.
2:19 of 1st period - Shot by Adam Wilsby.
2:19 of 1st period - Shot Blocked by Bryan Yoon.
2:21 of 1st period - Shot by James Malatesta.
2:21 of 1st period - Shot Blocked by Bryan Yoon.
2:25 of 1st period - Shot by James Malatesta.
2:25 of 1st period - Shot Blocked by Bryan Yoon.
2:27 of 1st period - Shot by Henrik Rybinski.
2:27 of 1st period - Shot Misses the Net.
3:46 of 1st period - Icing by Jack Studnicka.
3:47 of 1st period - Hugh McGing wins face-off versus Alex Belzile in Condors zone.
3:50 of 1st period - Shot by Henrik Rybinski.
3:50 of 1st period - Goal by Henrik Rybinski - Condors : 0 - Thunderbirds : 2.
3:51 of 1st period - Brendan Gaunce wins face-off versus Hugh McGing in neutral zone.
4:03 of 1st period - Icing by Adam Wilsby.
4:04 of 1st period - Steven Fogarty wins face-off versus Hugh McGing in Thunderbirds zone.
4:27 of 1st period - Henrik Rybinski is hit by Kyle Rau and loses puck.
4:49 of 1st period - Off-side.
4:50 of 1st period - Brendan Gaunce wins face-off versus Jackson Cates in neutral zone.
5:14 of 1st period - Shot by Tyson Jost.
5:14 of 1st period - Stopped by Peyton Jones without a rebound.
5:15 of 1st period - Artyom Anisimov wins face-off versus Tristen Nielsen in Condors zone.
5:18 of 1st period - Shot by Gabriel Fortier.
5:18 of 1st period - Shot Blocked by Xavier Ouellet.
5:23 of 1st period - Shot by Artyom Anisimov.
5:23 of 1st period - Shot Misses the Net.
5:25 of 1st period - Shot by Jackson Cates.
5:25 of 1st period - Shot Blocked by Xavier Ouellet.
5:27 of 1st period - Shot by Jackson Cates.
5:27 of 1st period - The goal is going for a video replay.
5:27 of 1st period - The goal is good.
5:27 of 1st period - Goal by Jackson Cates - Condors : 0 - Thunderbirds : 3.
5:28 of 1st period - Alex Belzile wins face-off versus Tyson Jost in neutral zone.
5:53 of 1st period - Tyson Jost is hit by Xavier Ouellet and loses puck.
6:01 of 1st period - Jacob Lucchini is hit by Joseph Duszak and loses puck.
6:56 of 1st period - Shot by Jackson Cates.
6:56 of 1st period - Stopped by Peyton Jones without a rebound.
6:57 of 1st period - Hugh McGing wins face-off versus Steven Fogarty in Condors zone.
7:14 of 1st period - Shot by James Malatesta.
7:14 of 1st period - Stopped by Peyton Jones with a rebound.
7:28 of 1st period - Shot by Henrik Rybinski.
7:28 of 1st period - Shot Misses the Net.
7:30 of 1st period - Shot by Henrik Rybinski.
7:30 of 1st period - Stopped by Peyton Jones without a rebound.
7:31 of 1st period - Tristen Nielsen wins face-off versus Artyom Anisimov in Condors zone.
7:49 of 1st period - Gabriel Fortier is hit by Dean Stewart.
7:56 of 1st period - Jackson Cates is hit by Dean Stewart and loses puck.
8:26 of 1st period - James Malatesta beats up Xavier Ouellet.
8:26 of 1st period - Penalty to James Malatesta for Fighting.
8:26 of 1st period - Penalty to Xavier Ouellet for Fighting.
8:27 of 1st period - Tyson Jost wins face-off versus Brendan Gaunce in neutral zone.
8:30 of 1st period - Shot by Jacob Lucchini.
8:30 of 1st period - Shot Misses the Net.
8:32 of 1st period - Shot by AJ Greer.
8:32 of 1st period - Stopped by Peyton Jones without a rebound.
8:33 of 1st period - Brendan Gaunce wins face-off versus Tyson Jost in Condors zone.
8:33 of 1st period - Brendan Gaunce is hit by AJ Greer.
8:47 of 1st period - Shot by Tyson Jost.
8:47 of 1st period - Shot Blocked by Patrik Koch.
8:49 of 1st period - Shot by Jacob Lucchini.
8:49 of 1st period - Goal by Jacob Lucchini - Condors : 0 - Thunderbirds : 4.
8:49 of 1st period - Matt Tomkins enters game.
8:50 of 1st period - Hugh McGing wins face-off versus Cameron Wright in neutral zone.
8:58 of 1st period - Icing by Joseph Duszak.
8:59 of 1st period - Jackson Cates wins face-off versus Steven Fogarty in Condors zone.
9:22 of 1st period - Shot by Cameron Wright.
9:22 of 1st period - Stopped by Clay Stevenson without a rebound.
9:23 of 1st period - Hugh McGing wins face-off versus Tristen Nielsen in Thunderbirds zone.
9:46 of 1st period - Shot by Alex Belzile.
9:46 of 1st period - Stopped by Clay Stevenson without a rebound.
9:47 of 1st period - Artyom Anisimov wins face-off versus Brendan Gaunce in Thunderbirds zone.
9:57 of 1st period - Icing by Joseph Duszak.
9:58 of 1st period - Brendan Gaunce wins face-off versus Jackson Cates in Condors zone.
9:58 of 1st period - Brendan Gaunce is hit by Tyson Jost.
10:23 of 1st period - Shot by Isak Rosen.
10:23 of 1st period - Shot Blocked by Nikita Novikov.
10:27 of 1st period - Shot by Brendan Gaunce.
10:27 of 1st period - Shot Blocked by Tyson Jost.
10:47 of 1st period - Shot by Tristen Nielsen.
10:47 of 1st period - Stopped by Clay Stevenson without a rebound.
10:48 of 1st period - Tristen Nielsen wins face-off versus Hugh McGing in Thunderbirds zone.
10:49 of 1st period - Shot by Alex Belzile.
10:49 of 1st period - Shot Blocked by Vincent Iorio.
10:52 of 1st period - Minor Penalty to Vincent Iorio for Roughing.
10:53 of 1st period - Steven Fogarty wins face-off versus Tyson Jost in Thunderbirds zone.
10:54 of 1st period - Shot by Alex Belzile.
10:54 of 1st period - Stopped by Clay Stevenson with a rebound.
13:02 of 1st period - Jan Mysak is hit by Vincent Iorio and loses puck.
13:43 of 1st period - Icing by Brendan Gaunce.
13:44 of 1st period - Brendan Gaunce wins face-off versus Artyom Anisimov in Condors zone.
14:00 of 1st period - Shot by Gabriel Fortier.
14:00 of 1st period - Stopped by Matt Tomkins without a rebound.
14:00 of 1st period - Minor Penalty to Matt Tomkins for Slashing.
14:01 of 1st period - Isak Rosen wins face-off versus Tyson Jost in Condors zone.
14:42 of 1st period - Off-side.
14:43 of 1st period - Isak Rosen wins face-off versus Hugh McGing in neutral zone.
14:56 of 1st period - Shot by James Malatesta.
14:56 of 1st period - Shot Blocked by Joseph Duszak.
15:15 of 1st period - Minor Penalty to James Malatesta for Hooking.
15:16 of 1st period - Tyson Jost wins face-off versus Jan Mysak in Thunderbirds zone.
15:16 of 1st period - Tyson Jost is hit by Tristen Nielsen.
15:45 of 1st period - Jan Mysak is hit by AJ Greer.
15:50 of 1st period - Off-side.
15:51 of 1st period - Steven Fogarty wins face-off versus Hunter McKown in neutral zone.
15:54 of 1st period - Jacob Lucchini is hit by Isak Rosen and loses puck.
16:39 of 1st period - Icing by Brendan Gaunce.
16:40 of 1st period - Brendan Gaunce wins face-off versus Ilya Usov in Condors zone.
17:22 of 1st period - Shot by Matthew Strome.
17:22 of 1st period - Shot Misses the Net.
17:45 of 1st period - Shot by James Malatesta.
17:45 of 1st period - Shot Blocked by Patrik Koch.
18:00 of 1st period - Tristen Nielsen is hit by Adam Wilsby and loses puck.
18:19 of 1st period - Shot by Jackson Cates.
18:19 of 1st period - Stopped by Matt Tomkins without a rebound.
18:20 of 1st period - Isak Rosen wins face-off versus Tyson Jost in Condors zone.
19:14 of 1st period - Shot by Gabriel Fortier.
19:14 of 1st period - Shot Blocked by Brendan Gaunce.
19:16 of 1st period - Shot by Gabriel Fortier.
19:16 of 1st period - Shot Misses the Net.
19:18 of 1st period - Shot by Artyom Anisimov.
19:18 of 1st period - Shot Blocked by Brendan Gaunce.
19:20 of 1st period - Shot by Jackson Cates.
19:20 of 1st period - Shot Blocked by Xavier Ouellet.
19:22 of 1st period - Shot by Artyom Grushnikov.
19:22 of 1st period - Shot Blocked by Xavier Ouellet.
19:38 of 1st period - Shot by James Malatesta.
19:38 of 1st period - Stopped by Matt Tomkins without a rebound.
19:39 of 1st period - Steven Fogarty wins face-off versus Hugh McGing in Condors zone.
Goals for this period are 0 for Condors vs 4 for Thunderbirds.
Shots for this period are 6 for Condors vs 12 for Thunderbirds.
2nd period
0:01 of 2nd period - Alex Belzile wins face-off versus Jackson Cates in neutral zone.
0:01 of 2nd period - Jack Studnicka is hit by Jackson Cates.
0:10 of 2nd period - Joel Kiviranta is hit by Adam Wilsby and loses puck.
1:54 of 2nd period - Shot by Artyom Anisimov.
1:54 of 2nd period - Shot Misses the Net.
1:56 of 2nd period - Shot by Jackson Cates.
1:56 of 2nd period - Stopped by Matt Tomkins without a rebound.
1:56 of 2nd period - Minor Penalty to Dean Stewart for Slashing.
1:57 of 2nd period - Tyson Jost wins face-off versus Isak Rosen in Condors zone.
1:57 of 2nd period - Tyson Jost is hit by Joseph Duszak.
1:59 of 2nd period - Shot by AJ Greer.
1:59 of 2nd period - Shot Misses the Net.
2:01 of 2nd period - Shot by AJ Greer.
2:01 of 2nd period - Deflect By Jacob Lucchini.
2:01 of 2nd period - Stopped by Matt Tomkins without a rebound.
2:02 of 2nd period - Isak Rosen wins face-off versus Tyson Jost in Condors zone.
2:08 of 2nd period - Icing by AJ Greer.
2:09 of 2nd period - Isak Rosen wins face-off versus Tyson Jost in Thunderbirds zone.
2:18 of 2nd period - Shot by Steven Fogarty.
2:18 of 2nd period - Shot Misses the Net.
2:26 of 2nd period - Shot by Nikita Novikov.
2:26 of 2nd period - Shot Misses the Net.
2:28 of 2nd period - Shot by Jacob Lucchini.
2:28 of 2nd period - Goal by Jacob Lucchini - Condors : 0 - Thunderbirds : 5.
2:29 of 2nd period - Alex Belzile wins face-off versus Artyom Anisimov in neutral zone.
2:32 of 2nd period - Shot by Joel Kiviranta.
2:32 of 2nd period - Shot Blocked by Gabriel Fortier.
2:41 of 2nd period - Artyom Anisimov is hit by Patrik Koch and loses puck.
2:46 of 2nd period - Shot by Artyom Anisimov.
2:46 of 2nd period - Deflect By Gabriel Fortier.
2:46 of 2nd period - Shot Blocked by Patrik Koch.
2:56 of 2nd period - Shot by Jackson Cates.
2:56 of 2nd period - Shot Misses the Net.
2:58 of 2nd period - Shot by Jackson Cates.
2:58 of 2nd period - Shot Blocked by Bryan Yoon.
3:28 of 2nd period - Shot by James Malatesta.
3:28 of 2nd period - Shot Misses the Net.
3:30 of 2nd period - Shot by Albert Johansson.
3:30 of 2nd period - Shot Blocked by Jack Studnicka.
3:31 of 2nd period - Minor Penalty to Bryan Yoon for Hooking.
3:32 of 2nd period - Isak Rosen wins face-off versus Tyson Jost in Condors zone.
4:22 of 2nd period - Shot by Hugh McGing.
4:22 of 2nd period - Shot Misses the Net.
4:24 of 2nd period - Shot by Vincent Iorio.
4:24 of 2nd period - Shot Blocked by Dean Stewart.
4:26 of 2nd period - Shot by Henrik Rybinski.
4:26 of 2nd period - Stopped by Matt Tomkins without a rebound.
4:27 of 2nd period - Jack Studnicka wins face-off versus Hugh McGing in Condors zone.
4:43 of 2nd period - Minor Penalty to Brendan Gaunce for Tripping.
4:44 of 2nd period - Jack Studnicka wins face-off versus Tyson Jost in Condors zone.
5:09 of 2nd period - Shot by Tyson Jost.
5:09 of 2nd period - Shot Misses the Net.
5:11 of 2nd period - Shot by Jacob Lucchini.
5:11 of 2nd period - Stopped by Matt Tomkins with a rebound.
5:13 of 2nd period - Shot by Jacob Lucchini.
5:13 of 2nd period - Shot Misses the Net.
6:17 of 2nd period - Minor Penalty to Jacob Lucchini for High sticking.
6:18 of 2nd period - Jan Mysak wins face-off versus Ilya Usov in Thunderbirds zone.
6:19 of 2nd period - Shot by Isak Rosen.
6:19 of 2nd period - Stopped by Clay Stevenson without a rebound.
6:20 of 2nd period - Steven Fogarty wins face-off versus Tyson Jost in Thunderbirds zone.
6:28 of 2nd period - Shot by Tyson Jost.
6:28 of 2nd period - Stopped by Matt Tomkins without a rebound.
6:29 of 2nd period - Steven Fogarty wins face-off versus Tyson Jost in Condors zone.
6:50 of 2nd period - Shot by Brendan Gaunce.
6:50 of 2nd period - Goal by Brendan Gaunce - Condors : 1 - Thunderbirds : 5.
6:51 of 2nd period - Tristen Nielsen wins face-off versus Artyom Anisimov in neutral zone.
7:04 of 2nd period - Artyom Anisimov is hit by Patrik Koch and loses puck.
7:11 of 2nd period - Shot by Gabriel Fortier.
7:11 of 2nd period - Shot Misses the Net.
7:21 of 2nd period - Shot by Gabriel Fortier.
7:21 of 2nd period - Shot Misses the Net.
7:41 of 2nd period - Shot by Hugh McGing.
7:41 of 2nd period - Stopped by Matt Tomkins with a rebound.
7:57 of 2nd period - Minor Penalty to James Malatesta for Slashing.
7:58 of 2nd period - Tyson Jost wins face-off versus Brendan Gaunce in Thunderbirds zone.
8:13 of 2nd period - Shot by Xavier Ouellet.
8:13 of 2nd period - Shot Misses the Net.
8:28 of 2nd period - Shot by Brendan Gaunce.
8:28 of 2nd period - Stopped by Clay Stevenson without a rebound.
8:29 of 2nd period - Steven Fogarty wins face-off versus Artyom Anisimov in Thunderbirds zone.
8:30 of 2nd period - Shot by Jack Studnicka.
8:30 of 2nd period - Stopped by Clay Stevenson without a rebound.
8:31 of 2nd period - Steven Fogarty wins face-off versus Tyson Jost in Thunderbirds zone.
8:40 of 2nd period - Shot by Aidan Fulp.
8:40 of 2nd period - Shot Misses the Net.
9:35 of 2nd period - Shot by Brendan Gaunce.
9:35 of 2nd period - Stopped by Clay Stevenson without a rebound.
9:36 of 2nd period - Tyson Jost wins face-off versus Brendan Gaunce in Thunderbirds zone.
9:41 of 2nd period - Mason Jobst is hit by AJ Greer and loses puck.
9:50 of 2nd period - Shot by Aidan Fulp.
9:50 of 2nd period - Shot Blocked by Vincent Iorio.
10:00 of 2nd period - Shot by Kyle Rau.
10:00 of 2nd period - Shot Misses the Net.
10:11 of 2nd period - Jackson Cates is hit by Cameron Wright and loses puck.
10:28 of 2nd period - Minor Penalty to Domenick Fensore for High sticking.
10:29 of 2nd period - Steven Fogarty wins face-off versus James Malatesta in Thunderbirds zone.
10:42 of 2nd period - Minor Penalty to Xavier Ouellet for High sticking.
10:43 of 2nd period - Steven Fogarty wins face-off versus Tyson Jost in Condors zone.
10:50 of 2nd period - Shot by Isak Rosen.
10:50 of 2nd period - Stopped by Clay Stevenson without a rebound.
10:51 of 2nd period - Tyson Jost wins face-off versus Steven Fogarty in Thunderbirds zone.
10:51 of 2nd period - Tyson Jost is hit by Isak Rosen.
11:10 of 2nd period - Shot by Tyson Jost.
11:10 of 2nd period - Stopped by Matt Tomkins without a rebound.
11:11 of 2nd period - Jan Mysak wins face-off versus James Malatesta in Condors zone.
11:11 of 2nd period - Jan Mysak is hit by James Malatesta.
11:33 of 2nd period - Shot by James Malatesta.
11:33 of 2nd period - Stopped by Matt Tomkins with a rebound.
11:39 of 2nd period - Nikita Novikov is hit by Isak Rosen and loses puck.
12:13 of 2nd period - Shot by Brendan Gaunce.
12:13 of 2nd period - Stopped by Clay Stevenson without a rebound.
12:14 of 2nd period - Steven Fogarty wins face-off versus Tyson Jost in Thunderbirds zone.
12:27 of 2nd period - Shot by AJ Greer.
12:27 of 2nd period - Deflect By Tyson Jost.
12:27 of 2nd period - Shot Misses the Net.
12:29 of 2nd period - Shot by Adam Wilsby.
12:29 of 2nd period - Shot Blocked by Steven Fogarty.
12:31 of 2nd period - Shot by Henrik Rybinski.
12:31 of 2nd period - Deflect By Hunter McKown.
12:31 of 2nd period - Shot Blocked by Dean Stewart.
14:04 of 2nd period - Tyson Jost is hit by Jack Studnicka and loses puck.
15:01 of 2nd period - Shot by Artyom Anisimov.
15:01 of 2nd period - Shot Blocked by Aidan Fulp.
15:40 of 2nd period - Tyson Jost is hit by Xavier Ouellet.
16:02 of 2nd period - Shot by Cam Morrison.
16:02 of 2nd period - Stopped by Matt Tomkins without a rebound.
16:03 of 2nd period - Henrik Rybinski wins face-off versus Tristen Nielsen in Condors zone.
16:07 of 2nd period - Icing by Joseph Duszak.
16:08 of 2nd period - Hugh McGing wins face-off versus Tristen Nielsen in Condors zone.
16:08 of 2nd period - James Malatesta is hit by Xavier Ouellet and loses puck.
16:19 of 2nd period - Shot by James Malatesta.
16:19 of 2nd period - Stopped by Matt Tomkins without a rebound.
16:20 of 2nd period - Brendan Gaunce wins face-off versus Hugh McGing in Condors zone.
16:26 of 2nd period - Icing by Isak Rosen.
16:27 of 2nd period - Brendan Gaunce wins face-off versus Jackson Cates in Condors zone.
16:32 of 2nd period - Brendan Gaunce is hit by Tyson Jost and loses puck.
16:39 of 2nd period - Shot by Jackson Cates.
16:39 of 2nd period - Stopped by Matt Tomkins without a rebound.
16:40 of 2nd period - Alex Belzile wins face-off versus Artyom Anisimov in Condors zone.
16:42 of 2nd period - Icing by Matthew Strome.
16:43 of 2nd period - Tristen Nielsen wins face-off versus Jackson Cates in Condors zone.
17:58 of 2nd period - Shot by Tyson Jost.
17:58 of 2nd period - Stopped by Matt Tomkins with a rebound.
18:32 of 2nd period - Shot by James Malatesta.
18:32 of 2nd period - Shot Blocked by Dean Stewart.
18:34 of 2nd period - Shot by Henrik Rybinski.
18:34 of 2nd period - Shot Misses the Net.
18:38 of 2nd period - Shot by Hugh McGing.
18:38 of 2nd period - Stopped by Matt Tomkins with a rebound.
18:40 of 2nd period - Shot by Hugh McGing.
18:40 of 2nd period - Shot Misses the Net.
18:50 of 2nd period - Matthew Strome is hit by Cam Morrison and loses puck.
19:05 of 2nd period - Shot by Jackson Cates.
19:05 of 2nd period - Shot Misses the Net.
19:07 of 2nd period - Shot by Cam Morrison.
19:07 of 2nd period - Stopped by Matt Tomkins without a rebound.
19:08 of 2nd period - Brendan Gaunce wins face-off versus Artyom Anisimov in Condors zone.
19:10 of 2nd period - Icing by Isak Rosen.
19:11 of 2nd period - Brendan Gaunce wins face-off versus Artyom Anisimov in Condors zone.
19:11 of 2nd period - Brendan Gaunce is hit by Artyom Anisimov.
19:25 of 2nd period - Minor Penalty to Joseph Duszak for Cross-checking.
19:26 of 2nd period - Hugh McGing wins face-off versus Isak Rosen in Condors zone.
Goals for this period are 1 for Condors vs 1 for Thunderbirds.
Shots for this period are 7 for Condors vs 15 for Thunderbirds.
3rd period
0:01 of 3rd period - Isak Rosen wins face-off versus Tyson Jost in neutral zone.
0:26 of 3rd period - Icing by Jacob Lucchini.
0:27 of 3rd period - Tyson Jost wins face-off versus Isak Rosen in Thunderbirds zone.
0:37 of 3rd period - Shot by Steven Fogarty.
0:37 of 3rd period - Stopped by Clay Stevenson without a rebound.
0:38 of 3rd period - Hugh McGing wins face-off versus Steven Fogarty in Thunderbirds zone.
1:10 of 3rd period - Isak Rosen is hit by James Malatesta and loses puck.
1:31 of 3rd period - Shot by Matthew Strome.
1:31 of 3rd period - Stopped by Clay Stevenson with a rebound.
1:33 of 3rd period - Shot by Matthew Strome.
1:33 of 3rd period - Shot Blocked by Vincent Iorio.
2:22 of 3rd period - Shot by Jacob Lucchini.
2:22 of 3rd period - Shot Misses the Net.
2:24 of 3rd period - Shot by Artyom Grushnikov.
2:24 of 3rd period - Stopped by Matt Tomkins without a rebound.
2:25 of 3rd period - Tyson Jost wins face-off versus Brendan Gaunce in Condors zone.
2:30 of 3rd period - Shot by Jacob Lucchini.
2:30 of 3rd period - Stopped by Matt Tomkins without a rebound.
2:31 of 3rd period - Brendan Gaunce wins face-off versus Jacob Lucchini in Condors zone.
2:41 of 3rd period - Minor Penalty to Brendan Gaunce for Tripping.
2:42 of 3rd period - Steven Fogarty wins face-off versus Hugh McGing in Condors zone.
3:07 of 3rd period - Shot by James Malatesta.
3:07 of 3rd period - Stopped by Matt Tomkins without a rebound.
3:08 of 3rd period - Jack Studnicka wins face-off versus Tyson Jost in Condors zone.
3:17 of 3rd period - Shot by Tyson Jost.
3:17 of 3rd period - Deflect By AJ Greer.
3:17 of 3rd period - Shot Blocked by Steven Fogarty.
3:24 of 3rd period - Tyson Jost is hit by Joseph Duszak and loses puck.
4:20 of 3rd period - Icing by Henrik Rybinski.
4:21 of 3rd period - Jack Studnicka wins face-off versus Hugh McGing in Thunderbirds zone.
4:45 of 3rd period - Matthew Strome is hit by Artyom Grushnikov and loses puck.
4:54 of 3rd period - Shot by Alex Belzile.
4:54 of 3rd period - Stopped by Clay Stevenson without a rebound.
4:55 of 3rd period - Isak Rosen wins face-off versus Jackson Cates in Thunderbirds zone.
5:02 of 3rd period - Vincent Iorio is hit by Brendan Gaunce and loses puck.
6:15 of 3rd period - Jack Studnicka is hit by James Malatesta and loses puck.
6:41 of 3rd period - Icing by James Malatesta.
6:42 of 3rd period - Hugh McGing wins face-off versus Brendan Gaunce in Thunderbirds zone.
7:19 of 3rd period - Icing by Brendan Gaunce.
7:20 of 3rd period - Brendan Gaunce wins face-off versus Tyson Jost in Condors zone.
7:20 of 3rd period - Brendan Gaunce is hit by AJ Greer.
7:56 of 3rd period - Minor Penalty to Jack Studnicka for Roughing.
7:57 of 3rd period - Isak Rosen wins face-off versus Hugh McGing in Condors zone.
7:57 of 3rd period - Isak Rosen is hit by Henrik Rybinski.
8:00 of 3rd period - Xavier Ouellet is hit by James Malatesta and loses puck.
8:10 of 3rd period - James Malatesta is hit by Xavier Ouellet and loses puck.
8:47 of 3rd period - Jacob Lucchini is hit by Joseph Duszak and loses puck.
9:17 of 3rd period - Icing by Artyom Anisimov.
9:18 of 3rd period - Isak Rosen wins face-off versus Hugh McGing in Thunderbirds zone.
9:29 of 3rd period - Shot by Isak Rosen.
9:29 of 3rd period - Stopped by Clay Stevenson without a rebound.
9:30 of 3rd period - Jacob Lucchini wins face-off versus Isak Rosen in Thunderbirds zone.
9:59 of 3rd period - AJ Greer is hit by Bryan Yoon and loses puck.
10:03 of 3rd period - Artyom Anisimov is hit by Bryan Yoon and loses puck.
10:13 of 3rd period - Minor Penalty to Alex Belzile for Hooking.
10:14 of 3rd period - Hugh McGing wins face-off versus Jack Studnicka in Condors zone.
10:15 of 3rd period - Shot by James Malatesta.
10:15 of 3rd period - Stopped by Matt Tomkins without a rebound.
10:16 of 3rd period - Jack Studnicka wins face-off versus Henrik Rybinski in Condors zone.
10:41 of 3rd period - Shot by James Malatesta.
10:41 of 3rd period - Stopped by Matt Tomkins without a rebound.
10:42 of 3rd period - Tyson Jost wins face-off versus Jack Studnicka in Condors zone.
10:42 of 3rd period - AJ Greer is hit by Joseph Duszak and loses puck.
10:47 of 3rd period - Shot by Jacob Lucchini.
10:47 of 3rd period - Shot Misses the Net.
10:49 of 3rd period - Shot by AJ Greer.
10:49 of 3rd period - Stopped by Matt Tomkins with a rebound.
11:03 of 3rd period - Shot by Tyson Jost.
11:03 of 3rd period - Stopped by Matt Tomkins with a rebound.
11:05 of 3rd period - Shot by Jacob Lucchini.
11:05 of 3rd period - Stopped by Matt Tomkins with a rebound.
11:07 of 3rd period - Shot by Adam Wilsby.
11:07 of 3rd period - Stopped by Matt Tomkins without a rebound.
11:08 of 3rd period - Hugh McGing wins face-off versus Jack Studnicka in Condors zone.
12:00 of 3rd period - Shot by AJ Greer.
12:00 of 3rd period - Deflect By Jacob Lucchini.
12:00 of 3rd period - Shot Misses the Net.
12:06 of 3rd period - Shot by AJ Greer.
12:06 of 3rd period - Shot Misses the Net.
12:45 of 3rd period - Shot by Matthew Strome.
12:45 of 3rd period - Goal by Matthew Strome - Condors : 2 - Thunderbirds : 5.
12:46 of 3rd period - Jackson Cates wins face-off versus Steven Fogarty in neutral zone.
12:46 of 3rd period - Nikita Novikov is hit by Cameron Wright and loses puck.
12:53 of 3rd period - Dean Stewart is hit by Cam Morrison and loses puck.
13:23 of 3rd period - Icing by Nikita Novikov.
13:24 of 3rd period - Brendan Gaunce wins face-off versus Jackson Cates in Thunderbirds zone.
13:34 of 3rd period - Tyson Jost is hit by Joseph Duszak.
14:11 of 3rd period - Off-side.
14:12 of 3rd period - Alex Belzile wins face-off versus AJ Greer in neutral zone.
15:08 of 3rd period - Icing by Dean Stewart.
15:09 of 3rd period - Steven Fogarty wins face-off versus Jackson Cates in Condors zone.
15:13 of 3rd period - Icing by Kyle Rau.
15:14 of 3rd period - Steven Fogarty wins face-off versus Hugh McGing in Condors zone.
15:14 of 3rd period - Dean Stewart is hit by James Malatesta and loses puck.
15:15 of 3rd period - Minor Penalty to James Malatesta for Roughing.
15:16 of 3rd period - Brendan Gaunce wins face-off versus Tyson Jost in Thunderbirds zone.
15:47 of 3rd period - Shot by Isak Rosen.
15:47 of 3rd period - Stopped by Clay Stevenson without a rebound.
15:48 of 3rd period - Artyom Anisimov wins face-off versus Steven Fogarty in Thunderbirds zone.
15:48 of 3rd period - Artyom Anisimov is hit by Steven Fogarty.
15:59 of 3rd period - Icing by Steven Fogarty.
16:00 of 3rd period - Tyson Jost wins face-off versus Steven Fogarty in Condors zone.
16:00 of 3rd period - Albert Johansson is hit by Dean Stewart and loses puck.
16:12 of 3rd period - Icing by Steven Fogarty.
16:13 of 3rd period - Tyson Jost wins face-off versus Steven Fogarty in Condors zone.
16:15 of 3rd period - AJ Greer is hit by Dean Stewart and loses puck.
16:26 of 3rd period - Shot by Steven Fogarty.
16:26 of 3rd period - Shot Misses the Net.
16:28 of 3rd period - Shot by Aidan Fulp.
16:28 of 3rd period - Shot Blocked by Vincent Iorio.
16:43 of 3rd period - Icing by Dean Stewart.
16:44 of 3rd period - Steven Fogarty wins face-off versus Artyom Anisimov in Condors zone.
17:21 of 3rd period - Shot by Steven Fogarty.
17:21 of 3rd period - Stopped by Clay Stevenson without a rebound.
17:22 of 3rd period - Hugh McGing wins face-off versus Tristen Nielsen in Thunderbirds zone.
17:22 of 3rd period - Hugh McGing is hit by Matthew Strome.
17:29 of 3rd period - Off-side.
17:30 of 3rd period - Artyom Anisimov wins face-off versus Brendan Gaunce in neutral zone.
17:33 of 3rd period - Shot by Jackson Cates.
17:33 of 3rd period - Stopped by Matt Tomkins without a rebound.
17:34 of 3rd period - Hugh McGing wins face-off versus Mason Jobst in Condors zone.
18:11 of 3rd period - Xavier Ouellet is hit by Vincent Iorio and loses puck.
19:24 of 3rd period - Shot by Kyle Rau.
19:24 of 3rd period - Deflect By Steven Fogarty.
19:24 of 3rd period - Stopped by Clay Stevenson without a rebound.
19:25 of 3rd period - Artyom Anisimov wins face-off versus Tristen Nielsen in Thunderbirds zone.
19:38 of 3rd period - Shot by Tristen Nielsen.
19:38 of 3rd period - Stopped by Clay Stevenson without a rebound.
19:39 of 3rd period - Isak Rosen wins face-off versus Tyson Jost in Thunderbirds zone.
19:39 of 3rd period - Isak Rosen is hit by Nikita Novikov.
19:46 of 3rd period - Brendan Gaunce is hit by Albert Johansson and loses puck.
Goals for this period are 1 for Condors vs 0 for Thunderbirds.
Shots for this period are 9 for Condors vs 10 for Thunderbirds.
Back to the Top